 Dungeon Crawl Stone Soup version 0.29-a0-512-gf59ac788ac (webtiles) character file.

Game seed: 10180259265135527162

3931 benadryl the Archer (level 10, -2/115 HPs)
             Began as a Gnoll Hunter on May 29, 2022.
             Was a Follower of Cheibriados.
             Slain by a cane toad (9 damage)
             ... on level 1 of the Lair of Beasts.
             The game lasted 00:31:02 (10562 turns).

benadryl the Archer (Gnoll Hunter)                 Turns: 10562, Time: 00:31:02

Health: -2/115     AC: 25    Str: 10 (13) XL:     10   Next: 21%
Magic:  17/17      EV:  2    Int: 10 (13) God:    Cheibriados [*.....]
Gold:   418        SH:  0    Dex: 21 (22) Spells: 18/19 levels left

rFire   . . .      SeeInvis +   b - +1 short sword (venom)
rCold   + . .      Faith    .   (no shield)
rNeg    . . .      Spirit   .   (body armour currently unavailable)
rPois   +          Reflect  .   (helmet currently unavailable)
rElec   .          Harm     .   (cloak currently unavailable)
rCorr   .          Rampage  .   (gloves currently unavailable)
Will    .....      NoTele   +   (boots currently unavailable)
Stlth   +++.......              y - amulet of the acrobat
HPRegen 0.29/turn               v - ring of see invisible
MPRegen 0.15/turn               u - ring of protection from cold

@: lethally poisoned (-2 -> -26), tree-form, very slow
A: stationary, stasis, torment immunity, boosted hp, (fangs 1), strong nose,
distributed training
a: Renounce Religion, Bend Time


You were on level 1 of the Lair of Beasts.
You worshipped Cheibriados.
Cheibriados was aware of your devotion.
You were a tree.
You visited 3 branches of the dungeon, and saw 10 of its levels.

You collected 418 gold pieces.

Inventory:

Hand Weapons
 a - a +1 shortbow of freezing
 b - a +1 short sword of venom (weapon)
 j - a +2 shortbow of electrocution
Missiles
 n - a curare-tipped dart
Armour
 d - a +0 leather armour
 i - a +0 ring mail
 o - a +0 plate armour (melded)
 p - a +1 pair of boots (melded)
Jewellery
 e - a +6 ring of intelligence
 t - a ring of positive energy
 u - a ring of protection from cold (right branch)
 v - a ring of see invisible (left branch)
 w - an amulet of regeneration
 y - an amulet of the acrobat (around neck)
Wands
 q - a wand of flame (32)
 C - a wand of mindburst (7)
Scrolls
 c - a scroll of immolation
 f - 2 scrolls of vulnerability
 g - 7 scrolls of teleportation
 h - 2 scrolls of amnesia
 l - a scroll of fog
 r - 2 scrolls of poison
 A - a scroll of noise
Potions
 k - a potion of cancellation
 m - 3 potions of mutation
 s - a potion of brilliance


   Skills:
 + Level 6.9 Fighting
 + Level 5.0 Short Blades
 + Level 5.0 Long Blades
 + Level 5.0 Axes
 + Level 5.0 Maces & Flails
 + Level 5.0 Polearms
 + Level 5.0 Staves
 + Level 5.0 Slings
 + Level 10.0 Bows
 + Level 5.0 Crossbows
 + Level 5.0 Throwing
 + Level 5.0 Armour
 + Level 6.9 Dodging
 + Level 5.6 Stealth
 + Level 5.0 Shields
 + Level 5.0 Unarmed Combat
 + Level 5.0 Spellcasting
 + Level 4.2 Conjurations
 + Level 4.2 Hexes
 + Level 4.2 Summonings
 + Level 4.2 Necromancy
 + Level 4.2 Translocations
 + Level 4.2 Transmutations
 + Level 4.2 Fire Magic
 + Level 4.2 Ice Magic
 + Level 4.2 Air Magic
 + Level 4.2 Earth Magic
 + Level 4.2 Poison Magic
 + Level 5.5 Invocations
 + Level 5.0 Evocations


You had 18 spell levels left.
You knew the following spells:

 Your Spells              Type           Power      Damage    Failure   Level
a - Foxfire               Conj/Fire      40%        2x1d6     4%          1

Your spell library contained the following spells:

 Spells                   Type           Power      Damage    Failure   Level
 Apportation              Tloc           20%        N/A       4%          1
 Necrotize                Necr           40%        1d6       4%          1
 Summon Small Mammal      Summ           40%        N/A       4%          1
 Conjure Flame            Conj/Fire      10%        6-21      12%         3
 Dazzling Flash           Conj/Hex       20%        N/A       12%         3
 Gell's Gravitas          Tloc           10%        N/A       12%         3
 Inner Flame              Hex/Fire       10%        N/A       12%         3
 Ozocubu's Armour         Ice            10%        N/A       12%         3
 Teleport Other           Tloc           10%        N/A       12%         3
 Flame Wave               Conj/Fire      10%        2d5       38%         4
 Agony                    Necr           10%        N/A       75%         5
 Silence                  Hex/Air        5%         N/A       75%         5
 Dispersal                Tloc           5%         N/A       99%         6
 Ozocubu's Refrigeration  Ice            5%         4d6       100%        7


Dungeon Overview and Level Annotations

Branches:
Dungeon (8/15)             Temple (1/1) D:4            Lair (1/6) D:8

Altars:
Ashenzari
Cheibriados
Gozag
Nemelex Xobeh
Qazlal
Uskayaw
Wu Jian
Yredelemnul
The Shining One

Annotations:
D:5 exclusion: door


Innate Abilities, Weirdness & Mutations

You are a tree.
Your roots penetrate the ground, keeping you stationary.
You cannot be teleported.
You are immune to unholy pain and torment.
Your maximum health is greatly increased.
Your equipment is partially melded.
((You have very sharp teeth.))
Your uncanny sense of smell can sniff out nearby items.
Your experience applies equally to all skills.


Message History

You hit the yak.
The yak looks as sick as possible!
The yak is moderately wounded.
The yak gores you. The yak attacks as you move away! The yak gores you.
The yak attacks as you move away! The yak gores you. x2
The yak attacks as you move away! The yak gores you but does no damage.
The cane toad stings you! The yak closely misses you.
You kill the yak!
Cheibriados thoroughly appreciates the change of pace.
The cane toad misses you. The cane toad stings you.
You are poisoned.
The cane toad poisons you!
Your Bows skill increases to level 10!
You see here a +0 long sword.
The yak attacks as you move away! The yak gores you!
You feel very sick. The cane toad closely misses you.
Okay, then.
Okay, then.
Okay, then.
Aiming: Mindburst
Press: ? - help, Shift-Dir - straight line, f - cane toad
Aim: a cane toad (chance to affect: 81%)
The cane toad's mind is blasted!
You feel very sick. The cane toad stings you!
* * * LOW HITPOINT WARNING * * *
You are more poisoned.
The cane toad poisons you!
Okay, then.
Okay, then.
Really quaff the potion of lignification?
You turn into a tree.
Your +1 pair of boots melds into your body.
Your +0 plate armour melds into your body.
Your roots penetrate the ground.
* * * LOW HITPOINT WARNING * * *
You feel very sick. The cane toad stings you!
You die...

#...............##
##...............#
######.######.###...##
.≈≈≈≈..≈# ### #.÷..###
≈≈≈≈≈≈≈.## #......##
≈≈≈≈≈≈≈..# ### #.......#
≈≈≈≈≈≈≈≈≈####.###......P#
≈≈≈≈.≈≈≈.........Y.....##
≈≈†<.≈≈≈≈.......♣FY.....#
≈≈≈.≈≈≈≈..####...Y......#
≈≈≈≈≈≈≈≈..# ###.......##
≈≈≈≈≈≈≈≈..# ##......#
.≈≈≈≈≈≈.### #....(..#
.......## #####.......#
...###.# #...........###
... .. ..............P#
###.##.........#


You could see 3 yaks and a cane toad.

Vanquished Creatures
  A cane toad (Lair:1)
  A komodo dragon (D:8)
  A wyvern (D:7)
  A wraith (D:8)
  A yak (Lair:1)
  2 water moccasins (Lair:1)
  4 ice beasts
  2 black bears (D:8)
  An orc warrior (D:8)
  An ogre (D:5)
  A centaur (D:8)
  A phantom (D:5)
  A kobold brigand (D:8)
  4 bullfrogs
  3 necrophages
  4 scorpions
  3 howler monkeys
  2 orc priests
  5 hounds
  A jelly (D:6)
  A gnoll shaman (D:7)
  7 iguanas
  12 orc wizards
  5 gnolls
  11 adders
  2 white imps (D:7)
  5 ufetubi
  2 worms
  2 dart slugs (D:5)
  33 orcs
  2 bats (D:1)
  8 endoplasms
  5 giant cockroaches
  5 goblins
  7 hobgoblins
  4 jackals (D:2)
  4 kobolds
  A quokka (D:1)
  8 ball pythons
  3 frilled lizards
  11 rats
178 creatures vanquished.

Vanquished Creatures (others)
  10 foxfires (D:7)
  11 fungi
  14 plants
35 creatures vanquished.

Grand Total: 213 creatures vanquished

Notes
Turn   | Place    | Note
-------+----------+-------------------------------------------
     0 | D:1      | benadryl the Gnoll Hunter began the quest for the Orb.
     0 | D:1      | Reached XP level 1. HP: 20/20 MP: 1/1
     6 | D:1      | Noticed a black bear
     6 | D:1      | Noticed a redback
     6 | D:1      | Noticed an anaconda
     7 | D:1      | Noticed a hound
   292 | D:1      | Reached XP level 2. HP: 26/26 MP: 2/2
   891 | D:2      | Reached XP level 3. HP: 31/31 MP: 3/3
  1025 | D:2      | Reached skill level 1 in Invocations
  1702 | D:3      | Reached skill level 1 in Short Blades
  1702 | D:3      | Reached skill level 1 in Long Blades
  1702 | D:3      | Reached skill level 1 in Axes
  1702 | D:3      | Reached skill level 1 in Maces & Flails
  1702 | D:3      | Reached skill level 1 in Polearms
  1702 | D:3      | Reached skill level 1 in Staves
  1702 | D:3      | Reached skill level 1 in Slings
  1702 | D:3      | Reached skill level 1 in Crossbows
  1702 | D:3      | Reached skill level 1 in Throwing
  1702 | D:3      | Reached skill level 1 in Armour
  1702 | D:3      | Reached skill level 1 in Shields
  1702 | D:3      | Reached skill level 1 in Unarmed Combat
  1702 | D:3      | Reached skill level 1 in Spellcasting
  1702 | D:3      | Reached skill level 1 in Evocations
  1915 | D:3      | Reached XP level 4. HP: 38/38 MP: 5/5
  2376 | D:3      | Identified a scroll of acquirement
  2376 | D:3      | Acquired a +0 shortbow of freezing
  2556 | D:3      | Found a faded altar of an unknown god.
  3109 | D:4      | Reached skill level 1 in Conjurations
  3109 | D:4      | Reached skill level 1 in Hexes
  3109 | D:4      | Reached skill level 1 in Summonings
  3109 | D:4      | Reached skill level 1 in Necromancy
  3109 | D:4      | Reached skill level 1 in Translocations
  3109 | D:4      | Reached skill level 1 in Transmutations
  3109 | D:4      | Reached skill level 1 in Fire Magic
  3109 | D:4      | Reached skill level 1 in Ice Magic
  3109 | D:4      | Reached skill level 1 in Air Magic
  3109 | D:4      | Reached skill level 1 in Earth Magic
  3109 | D:4      | Reached skill level 1 in Poison Magic
  3121 | D:4      | HP: 2/57 [something (4)]
  3124 | D:4      | Reached XP level 5. HP: 3/43 MP: 5/7
  3637 | D:4      | Reached XP level 6. HP: 50/50 MP: 8/8
  4317 | D:4      | Reached skill level 5 in Fighting
  4317 | D:4      | Reached skill level 5 in Dodging
  4577 | D:4      | Found a hide-covered altar of Uskayaw.
  4846 | D:4      | Found a staircase to the Ecumenical Temple.
  5026 | D:5      | Entered Level 5 of the Dungeon
  5026 | D:5      | Found a stormy altar of Qazlal.
  5089 | D:5      | Noticed an ice beast
  5096 | D:5      | Killed an ice beast
  5097 | D:5      | Reached XP level 7. HP: 56/56 MP: 10/10
  5274 | D:5      | Reached skill level 9 in Bows
  5451 | D:5      | Found an ornate altar of the Wu Jian Council.
  5930 | D:5      | Reached XP level 8. HP: 45/63 MP: 12/12
  6278 | D:5      | Noticed a troll
  6278 | D:5      | Noticed a yak
  6793 | D:6      | Found a broken altar of Ashenzari.
  7710 | Temple   | Entered the Ecumenical Temple
  7719 | Temple   | Became a worshipper of Cheibriados the Contemplative
  7824 | D:7      | Learned a level 1 spell: Foxfire
  7838 | D:7      | Reached XP level 9. HP: 69/69 MP: 14/14
  8579 | D:7      | Reached * piety under Cheibriados
  9113 | D:8      | Noticed a cyclops
  9115 | D:8      | Noticed a two-headed ogre
  9127 | D:8      | Reached skill level 5 in Stealth
  9310 | D:8      | Noticed a komodo dragon
  9314 | D:8      | Killed a komodo dragon
  9535 | D:8      | Reached skill level 5 in Invocations
  9894 | D:8      | Found a staircase to the Lair.
 10018 | D:8      | Reached XP level 10. HP: 66/77 MP: 17/17
 10148 | Lair:1   | Entered Level 1 of the Lair of Beasts
 10195 | Lair:1   | Noticed a cane toad
 10209 | Lair:1   | HP: 2/77 [poisoned by a water moccasin]
 10209 | Lair:1   | Killed a cane toad
 10210 | Lair:1   | Reached skill level 5 in Short Blades
 10210 | Lair:1   | Reached skill level 5 in Long Blades
 10210 | Lair:1   | Reached skill level 5 in Axes
 10210 | Lair:1   | Reached skill level 5 in Maces & Flails
 10210 | Lair:1   | Reached skill level 5 in Polearms
 10210 | Lair:1   | Reached skill level 5 in Staves
 10210 | Lair:1   | Reached skill level 5 in Slings
 10210 | Lair:1   | Reached skill level 5 in Crossbows
 10210 | Lair:1   | Reached skill level 5 in Throwing
 10210 | Lair:1   | Reached skill level 5 in Armour
 10210 | Lair:1   | Reached skill level 5 in Shields
 10210 | Lair:1   | Reached skill level 5 in Unarmed Combat
 10210 | Lair:1   | Reached skill level 5 in Spellcasting
 10210 | Lair:1   | Reached skill level 5 in Evocations
 10546 | Lair:1   | Noticed a cane toad
 10560 | Lair:1   | Reached skill level 10 in Bows
 10562 | Lair:1   | Slain by a cane toad

Illustrated notes

Levels and vault maps discovered:
D:1:      onia_arrival_zoo_common, layout_loops_ring
D:2:      layout_rooms, minivault_26
D:3:      layout_basic, ebering_ecumenical_altar_hall, hangedman_decor_push
D:4:      layout_basic, lemuel_doored_altar, minmay_temple_entry_slanted,
          portal_sewer_entry_b, hangedman_decor_points
D:5:      kennysheep_windowed_halls, layout_loops_ring,
          nicolae_wu_jian_wuxing_cycle,
          mainiacjoe_overflow_concentric_impassable
D:6:      layout_basic, cheibrodos_ashenzari_chains,
          chequers_serial_rivers_micro_c
D:7:      layout_rooms
D:8:      cheibrodos_elevator_heist, layout_gridville,
          grunt_lair_entry_orc_guard_hut, minmay_misc_feat_chi,
          onia_ninara_dug_in_and_dangerous
Temple:   mainiacjoe_temple_coin_purse
Lair:1:   layout_layer_cave, grunt_forest_small_clearings,
          infiniplex_staircase_pool_2

Skill      XL: |  1  2  3  4  5  6  7  8  9 10 |
---------------+-------------------------------+-----
Invocations    | 1 2 3 4 5 |  5.5
Short Blades   | 1 2 3 4 5 |  5.0
Long Blades    | 1 2 3 4 5 |  5.0
Axes           | 1 2 3 4 5 |  5.0
Maces & Flails | 1 2 3 4 5 |  5.0
Polearms       | 1 2 3 4 5 |  5.0
Staves         | 1 2 3 4 5 |  5.0
Slings         | 1 2 3 4 5 |  5.0
Crossbows      | 1 2 3 4 5 |  5.0
Throwing       | 1 2 3 4 5 |  5.0
Armour         | 1 2 3 4 5 |  5.0
Shields        | 1 2 3 4 5 |  5.0
Unarmed Combat | 1 2 3 4 5 |  5.0
Spellcasting   | 1 2 3 4 5 |  5.0
Evocations     | 1 2 3 4 5 |  5.0
Conjurations   | 1 2 3 4 |  4.2
Hexes          | 1 2 3 4 |  4.2
Summonings     | 1 2 3 4 |  4.2
Necromancy     | 1 2 3 4 |  4.2
Translocations | 1 2 3 4 |  4.2
Transmutations | 1 2 3 4 |  4.2
Fire Magic     | 1 2 3 4 |  4.2
Ice Magic      | 1 2 3 4 |  4.2
Air Magic      | 1 2 3 4 |  4.2
Earth Magic    | 1 2 3 4 |  4.2
Poison Magic   | 1 2 3 4 |  4.2
Stealth        | 3 4 5 |  5.6
Fighting       | 5 6 |  6.9
Dodging        | 5 6 |  6.9
Bows           | 9 10 | 10.0

Action                   |  1- 3 |  4- 6 |  7- 9 | 10-12 || total
-------------------------+-------+-------+-------+-------++-------
Melee: Unarmed           |    15 |       |       |       ||    15
       Mace              |     4 |       |       |       ||     4
       Short sword       |    16 |    71 |   105 |    16 ||   208
       Bite              |     1 |    11 |    14 |     1 ||    27
       Punch             |       |     3 |     4 |     4 ||    11
       Shortbow          |       |       |     3 |       ||     3
 Fire: Shortbow          |    76 |   102 |   261 |    10 ||   449
 Cast: Foxfire           |       |       |     5 |       ||     5
Evoke: Wand              |       |       |     1 |     2 ||     3
  Use: Scroll            |       |    17 |     8 |       ||    25
       Potion            |       |     1 |     3 |     5 ||     9
 Stab: Sleeping          |     1 |       |       |       ||     1
Armor: Leather armour    |     6 |       |       |       ||     6
       Ring mail         |       |    53 |    73 |       ||   126
       Plate armour      |       |       |    85 |    21 ||   106
Dodge: Dodged            |    35 |   101 |   135 |     7 ||   278

Table legend: (Time is in decaauts)
 A = Elapsed time spent in this place.
 B = Non-inter-level travel time spent in this place.
 C = Inter-level travel time spent in this place.
 D = Time resting spent in this place.
 E = Time spent auto-exploring this place.
 F = Levels seen in this place.
 G = Mean time per level.
                   A        B        C        D        E       F      G
               +--------+--------+--------+--------+--------+-----+--------+
         Total |  11080 |  10459 |    621 |   3283 |   5550 |  10 | 1108.0 |
       Dungeon |  10617 |  10016 |    601 |   2979 |   5493 |   8 | 1327.1 |
        Temple |     21 |      2 |     19 |      0 |      0 |   1 |   21.0 |
          Lair |    441 |    441 |      0 |    304 |     57 |   1 |  441.0 |
               +--------+--------+--------+--------+--------+-----+--------+

Top non-repeatable levels by time:
     D:3: 2277 daAuts
     D:5: 1718 daAuts
     D:8: 1653 daAuts
     D:4: 1417 daAuts
     D:7: 1101 daAuts
     D:6: 1057 daAuts
     D:1: 889 daAuts
     D:2: 501 daAuts
  Lair:1: 441 daAuts
  Temple: 21 daAuts
